 Dungeon Crawl Stone Soup version 0.28-a0-1638-g9123634e07 (webtiles) character file.

Game seed: 11162923847573529125

10035 fragbeetle the Cleaver (level 11, -4/92 HPs)
             Began as a Hill Orc Cinder Acolyte on Jan 26, 2022.
             Was a High Priest of Ignis.
             Slain by Harold (16 damage)
             ... on level 10 of the Dungeon.
             The game lasted 00:26:05 (14502 turns).

fragbeetle the Cleaver (Hill Orc Cinder Acolyte)   Turns: 14502, Time: 00:26:06

Health: -4/92      AC: 20    Str: 20    XL:     11   Next: 55%
Magic:  12/17      EV:  7    Int: 16    God:    Ignis [*****.]
Gold:   370        SH:  0    Dex:  6    Spells: 8/18 levels left

rFire   + . .      SeeInvis .   k - +0 war axe
rCold   . . .      Faith    .   I - orb {light}
rNeg    . . .      Spirit   .   E - +4 chain mail
rPois   +          Reflect  .   U - +0 helmet
rElec   .          Harm     .   (no cloak)
rCorr   .          Rampage  .   v - +2 pair of gloves
Will    .....                   p - +0 pair of boots
Stlth   ..........              d - amulet of the acrobat
HPRegen 0.25/turn               b - ring of poison resistance
MPRegen 0.15/turn               P - ring of flight

@: lethally poisoned (-4 -> -7), silenced, flying, glowing
A: no striking features
a: Renounce Religion


You were on level 10 of the Dungeon.
You worshipped Ignis.
Ignis was extremely pleased with you.
You visited 3 branches of the dungeon, and saw 12 of its levels.
You also visited: Sewer.

You collected 475 gold pieces.
You spent 105 gold pieces at shops.

Inventory:

Hand Weapons
 h - a +1 war axe of distortion
 k - a +0 war axe (weapon)
 u - a +0 whip of holy wrath
 B - a +2 hunting sling of freezing
 D - a +0 hand axe of flaming
Missiles
 j - 2 silver javelins
 l - 76 poisoned darts
 w - 2 throwing nets
 y - 14 curare-tipped darts
 G - 43 sling bullets
 K - 3 boomerangs
 W - 3 atropa-tipped darts
Armour
 p - a +0 pair of boots (worn)
 v - a +2 pair of gloves (worn)
 E - a +4 chain mail (worn)
 F - a +0 buckler
 I - an orb of light (worn)
 R - a +2 robe of willpower
 U - a +0 helmet (worn)
Jewellery
 b - a ring of poison resistance (left hand)
 d - an amulet of the acrobat (around neck)
 P - a ring of flight (right hand)
Wands
 C - a wand of flame (11)
 O - a wand of iceblast (10)
 S - a wand of mindburst (10)
Scrolls
 c - a scroll of immolation {unknown}
 f - a scroll of silence
 g - 3 scrolls of identify
 i - 3 scrolls of vulnerability
 n - 2 scrolls of teleportation {unknown}
 o - a scroll of fear {unknown}
 q - 2 scrolls of fog {unknown}
 r - 4 scrolls of enchant weapon
 s - 3 scrolls of amnesia {unknown}
 t - a scroll of magic mapping {unknown}
 H - 2 scrolls of summoning {unknown}
 J - 2 scrolls of noise {unknown}
 X - 3 scrolls of acquirement {unknown}
Potions
 a - 2 potions of brilliance {unknown}
 e - 2 potions of curing
 m - 3 potions of lignification
 x - a potion of resistance {unknown}
 z - a potion of cancellation {unknown}
 A - a potion of might
 L - 2 potions of flight {unknown}
 M - a potion of mutation {unknown}
 N - 3 potions of heal wounds
 Q - a potion of attraction {unknown}
 T - 6 potions of ambrosia
 V - 2 potions of berserk rage {unknown}


   Skills:
 - Level 7.6 Fighting
 * Level 12.5 Axes
 * Level 6.8 Armour
 - Level 4.3 Spellcasting
 * Level 4.8 Conjurations
 * Level 10.7 Fire Magic
 * Level 4.0 Poison Magic


You had 8 spell levels left.
You knew the following spells:

 Your Spells              Type           Power      Damage    Failure   Level
a - Scorch                Fire           74%        2d9       2%          2
b - Fireball              Conj/Fire      14%        3d8       85%         5
c - Mephitic Cloud        Conj/Pois/Air  12%        N/A       77%         3

Your spell library contained the following spells:

 Spells                   Type           Power      Damage    Failure   Level
 Magic Dart               Conj           72%        1d6       21%         1
 Dazzling Flash           Conj/Hex       22%        N/A       85%         3
 Call Imp                 Summ           3%         N/A       91%         2
 Call Canine Familiar     Summ           3%         N/A       99%         3
 Portal Projectile        Hex/Tloc       6%         N/A       99%         3
 Iskenderun's Mystic Bla  Conj/Tloc      11%        2d4       99%         4
 Iskenderun's Battlesphe  Conj           18%        2d7       99%         5
 Cause Fear               Hex            1%         N/A       100%        4
 Leda's Liquefaction      Hex/Erth       1%         N/A       100%        4
 Conjure Ball Lightning   Conj/Air       5%         3x3d6     100%        6
 Starburst                Conj/Fire      14%        6d6       100%        6
 Dragon Form              Tmut           1%         N/A       100%        7
 Orb of Destruction       Conj           9%         9d6       100%        7
 Dragon's Call            Summ           1%         N/A       100%        9


Dungeon Overview and Level Annotations

Branches:
Dungeon (10/15)            Temple (1/1) D:5            Lair (1/6) D:8
  Sewer (visited)
    Orc: D:9-12

Altars:
Ashenzari
Cheibriados
Dithmenos
Elyvilon
Fedhas
Gozag
Hepliaklqana
Kikubaaqudgha
Makhleb
Nemelex Xobeh
Okawaru
Qazlal
Ru
Sif Muna
Trog
Uskayaw
Vehumet
Wu Jian
Xom
Yredelemnul
Zin
The Shining One

Shops:
D:7 *   D:10 *

Annotations:
D:10 Harold


Message History

The centaur is severely wounded.
The centaur barely misses you. The centaur kicks you.
Harold hits you from afar with a +1 glaive of venom!!
You slash the centaur!
You kill the centaur!
Harold fires a harpoon shot at you.
The harpoon shot hits you but does no damage.
Flames lash Harold.
Harold is lightly wounded.
Harold's fire resistance burns away.
Harold throws a throwing net.
The throwing net hits you.
You become entangled in the net!
Flames lash Harold.
Harold is burned terribly!
Harold is lightly wounded.
Harold hits you from afar with a +1 glaive of venom.
You are poisoned.
Flames lash Harold.
Harold is burned terribly!
Harold is lightly wounded.
You feel very sick.
Harold hits you from afar with a +1 glaive of venom!
You are too injured to fight recklessly!
Unknown command.
As you read the scroll labelled OFIMMUFFIA, it crumbles to dust.
It is a scroll of identify.
i - 3 scrolls of vulnerability You feel very sick.
Harold fires a harpoon shot at you.
The harpoon shot hits you but does no damage.
As you read the scroll labelled DIAJ NUNIUMU, it crumbles to dust.
A profound silence engulfs you.
It was a scroll of silence.
You feel sick. Harold hits you but does no damage.
Magic scrolls do not work when you're silenced!
You struggle against the net.
You feel sick.
Harold hits you from afar with a +1 glaive of venom.
* * * LOW HITPOINT WARNING * * *
You tear a large gash into the net.
You feel sick.
Harold hits you from afar with a +1 glaive of venom!
* * * LOW HITPOINT WARNING * * *
You rip the net and break free!
You feel sick.
Harold hits you from afar with a +1 glaive of venom!
You die...

####.#.#.##)..........#
##......#.####..#####.##
#.......#.# #..# #.#
........#.# #..# #.#
#### ........#.# #.>#
#.# #... ......[##.#
#(.## #.# #.##
..........# #...# #.#
#.# .#...#.####
##..####.# #.## .##.##.#
#.@.....# #... .##.##.#
##)####.# ####
.##.##<####### #@# #.#
.(............ ..# #.##
###.##.###### ### #..#
#.##># #..# #.##.# #..#
#.##.###### #..#
#.##......# #..#


You could see Harold (combustible).

Vanquished Creatures
  A two-headed ogre (D:10)
  Pikel (D:4)
  A deep elf pyromancer (D:9)
  Joseph (D:9)
  Maggie (D:7)
  Psyche (D:9)
  A komodo dragon (D:8)
  A queen bee (D:9)
  A shadow (D:10)
  10 yaks
  Eustachio (D:4)
  Grum (D:8)
  A basilisk (Lair:1)
  Edmund (D:6)
  An acid dragon (D:8)
  Duvessa (D:4)
  4 water moccasins
  2 ice beasts
  2 hornet zombies
  A necrophage (D:4)
  An orc warrior (D:5)
  A black bear (D:5)
  A phantom (D:6)
  3 wolves
  4 ogres
  3 centaurs
  Blork the orc (D:4)
  8 kobold brigands
  2 bullfrogs
  A gnoll sergeant (D:9)
  2 scorpions
  A water moccasin skeleton (D:5)
  Dowan (D:4)
  17 killer bees (D:9)
  3 wights (D:7)
  2 centaur zombies (D:9)
  2 jellies
  3 hounds
  An orc priest (D:5)
  Jessica (D:3)
  3 iguanas
  5 orc wizards
  A killer bee zombie (D:4)
  A howler monkey zombie (D:6)
  Robin (D:4)
  3 gnolls (D:9)
  A howler monkey skeleton (D:7)
  12 adders
  3 river rats (Sewer)
  A shadow imp (D:8)
  A white imp (D:5)
  4 worms
  2 dart slugs (D:1)
  25 orcs
  4 endoplasms
  6 giant cockroaches
  13 goblins
  9 hobgoblins
  5 quokkas
  12 ball pythons
  8 bats
  4 frilled lizards
  15 kobolds
  9 rats
240 creatures vanquished.

Vanquished Creatures (others)
  36 plants (D:8)
36 creatures vanquished.

Grand Total: 276 creatures vanquished

Notes
Turn   | Place    | Note
-------+----------+-------------------------------------------
     0 | D:1      | fragbeetle the Hill Orc Cinder Acolyte began the quest for
                  | the Orb.
     0 | D:1      | Reached XP level 1. HP: 19/19 MP: 2/2
   116 | D:1      | Reached XP level 2. HP: 27/27 MP: 3/3
   119 | D:1      | Learned a level 2 spell: Scorch
   331 | D:1      | Found a faded altar of an unknown god.
   479 | D:1      | Reached XP level 3. HP: 30/33 MP: 4/4
  1917 | D:2      | Reached XP level 4. HP: 40/40 MP: 1/6
  2295 | D:3      | Reached skill level 5 in Axes
  2375 | D:3      | Noticed Jessica
  2382 | D:3      | Killed Jessica
  2908 | D:4      | Found a glowing drain.
  2931 | Sewer    | Entered a sewer
  2981 | Sewer    | Reached XP level 5. HP: 46/46 MP: 4/7
  3059 | Sewer    | Noticed a kobold brigand
  3068 | Sewer    | Killed a kobold brigand
  3248 | Sewer    | Noticed a kobold brigand
  3266 | Sewer    | Killed a kobold brigand
  3267 | Sewer    | Reached skill level 6 in Axes
  3267 | Sewer    | Reached skill level 5 in Fire Magic
  3267 | Sewer    | Reached XP level 6. HP: 42/53 MP: 1/9
  3672 | Sewer    | Reached skill level 5 in Fighting
  3672 | Sewer    | Reached XP level 7. HP: 52/61 MP: 6/10
  4224 | Sewer    | Reached skill level 7 in Axes
  4471 | D:4      | Found a shadowy altar of Dithmenos.
  4474 | D:4      | Noticed Eustachio
  4845 | D:4      | Killed Eustachio
  4942 | D:4      | Noticed Duvessa
  4943 | D:4      | Noticed Dowan
  5142 | D:4      | Reached XP level 8. HP: 53/69 MP: 4/12
  5431 | D:4      | Noticed Robin
  5497 | D:4      | Found a hide-covered altar of Uskayaw.
  5562 | D:4      | Found a shimmering blue altar of Sif Muna.
  5580 | D:4      | Noticed Blork the orc
  5593 | D:4      | Killed Blork the orc
  5599 | D:4      | Reached skill level 8 in Axes
  5661 | D:4      | Killed Duvessa
  5673 | D:4      | HP: 4/105 [Dowan/shard of ice (22)]
  5683 | D:4      | Killed Dowan
  5968 | D:4      | Noticed Pikel
  5980 | D:4      | Killed Pikel
  5981 | D:4      | Reached skill level 9 in Axes
  5981 | D:4      | Reached XP level 9. HP: 60/78 MP: 2/14
  6265 | D:4      | Killed Robin
  6449 | D:5      | Entered Level 5 of the Dungeon
  6767 | D:5      | Found a staircase to the Ecumenical Temple.
  6776 | D:5      | Reached skill level 1 in Armour
  6863 | D:5      | Identified the +0 leather armour "Tunnueb" {rF+ rC+ Slay+2}
  7251 | D:5      | Found a hazy altar of Hepliaklqana.
  7296 | Temple   | Entered the Ecumenical Temple
  7633 | D:6      | Reached skill level 10 in Axes
  8262 | D:6      | Noticed Edmund
  8268 | D:6      | Killed Edmund
  8740 | D:7      | Found Qulir's Gadget Gallery.
  9085 | D:7      | Reached XP level 10. HP: 76/86 MP: 6/16
  9371 | D:7      | Learned a level 5 spell: Fireball
  9618 | D:7      | Noticed Maggie
  9624 | D:7      | Killed Maggie
  9788 | D:8      | Reached skill level 1 in Conjurations
  9827 | D:8      | Reached skill level 11 in Axes
  9920 | D:8      | Noticed Grum
 10310 | D:8      | Killed Grum
 10434 | D:8      | Learned a level 3 spell: Mephitic Cloud
 10685 | D:8      | Found a staircase to the Lair.
 10694 | Lair:1   | Entered Level 1 of the Lair of Beasts
 10701 | D:8      | Reached skill level 1 in Poison Magic
 10786 | D:8      | Reached skill level 5 in Armour
 11266 | D:8      | Reached skill level 10 in Fire Magic
 11394 | D:8      | Found a radiant altar of Vehumet.
 11668 | D:9      | Noticed Joseph
 11932 | D:9      | Killed Joseph
 12182 | D:9      | Noticed Psyche
 12199 | D:9      | Killed Psyche
 12200 | D:9      | Reached XP level 11. HP: 88/92 MP: 1/17
 12342 | D:9      | Reached skill level 12 in Axes
 13505 | D:9      | Found a burning altar of Makhleb.
 13723 | D:9      | Noticed a deep elf pyromancer
 13735 | D:9      | Killed a deep elf pyromancer
 14002 | D:10     | Entered Level 10 of the Dungeon
 14002 | D:10     | Found Bojom's General Store.
 14006 | D:10     | Bought a scroll of enchant weapon for 105 gold pieces
 14102 | D:10     | Noticed a two-headed ogre
 14109 | D:10     | Killed a two-headed ogre
 14486 | D:10     | Noticed Harold
 14502 | D:10     | Slain by Harold

Illustrated notes

Levels and vault maps discovered:
D:1:      roderic_chinese_lattice_arrival, layout_basic,
          shapermc_ecumenical_altar_mp_ritualfount
D:2:      layout_basic
D:3:      layout_loops_ring, uniq_jessica
D:4:      layout_gridville, mainiacjoe_overflow_swirl,
          nicolae_dithmenos_the_darkroom, gup_sewer_entry_pipe, uniq_robin,
          uniq_pikel, uniq_blork_the_orc, uniq_eustachio, uniq_duvessa
D:5:      layout_basic, nzn_hepliaklqana_mist_gate,
          minmay_temple_entry_stoned_glass, serial_glass, glass_columns_c,
          glass_columns_c, kennysheep_small_spiral
D:6:      layout_gridville, hangedman_decor_push, uniq_edmund
D:7:      layout_basic, minmay_misc_feat_secret_circle, nicolae_shop_gadgets,
          uniq_maggie
D:8:      layout_rooms, kennysheep_little_box, david_lair_shrubbed,
          serial_rivers, chequers_serial_rivers_large_a,
          chequers_serial_rivers_room_a, chequers_serial_rivers_room_b,
          chequers_serial_rivers_micro_d, chequers_serial_rivers_micro_c,
          chequers_serial_rivers_micro_c, minivault_22, uniq_grum
D:9:      layout_basic, kennysheep_mini, minivault_7, uniq_joseph, uniq_psyche
D:10:     layout_loops_ring, serial_shops, nicolae_shop_hallway_stairs,
          uniq_harold
Temple:   eino_temple_rhombus
Lair:1:   layout_gridlike, lemuel_fruit_tree, grunt_megastairs_3

Skill      XL: |  1  2  3  4  5  6  7  8  9 10 11 |
---------------+----------------------------------+-----
Fire Magic     | 4 5 6 7 9 10 | 10.7
Fighting       | 4 5 6 7 |  7.6
Axes           | 5 6 7 9 10 11 12 | 12.5
Spellcasting   | 2 3 4 |  4.3
Armour         | 3 5 6 |  6.8
Conjurations   | 3 4 |  4.8
Poison Magic   | 2 4 |  4.0

Action                   |  1- 3 |  4- 6 |  7- 9 | 10-12 || total
-------------------------+-------+-------+-------+-------++-------
Melee: Hand axe          |    83 |       |       |       ||    83
       Punch             |     2 |       |     3 |       ||     5
       War axe           |     8 |    68 |   182 |   223 ||   481
Throw: Dart              |       |       |       |     5 ||     5
 Cast: Scorch            |    12 |    20 |   125 |   108 ||   265
  Use: Potion            |       |     1 |     3 |       ||     4
       Scroll            |       |       |       |     2 ||     2
Armor: Robe              |    11 |       |       |       ||    11
       Ring mail         |    21 |    27 |    67 |       ||   115
       Skin              |       |       |     7 |       ||     7
       Chain mail        |       |       |    48 |   223 ||   271
Dodge: Dodged            |    88 |    39 |   130 |   203 ||   460

Table legend: (Time is in decaauts)
 A = Elapsed time spent in this place.
 B = Non-inter-level travel time spent in this place.
 C = Inter-level travel time spent in this place.
 D = Time resting spent in this place.
 E = Time spent auto-exploring this place.
 F = Levels seen in this place.
 G = Mean time per level.
                   A        B        C        D        E       F      G
               +--------+--------+--------+--------+--------+-----+--------+
         Total |  14712 |  14444 |    268 |   1751 |  10031 |  13 | 1131.7 |
       Dungeon |  12886 |  12618 |    268 |   1710 |   8614 |  10 | 1288.6 |
        Temple |    157 |    157 |      0 |      0 |    128 |   1 |  157.0 |
          Lair |     20 |     20 |      0 |      0 |      0 |   1 |   20.0 |
         Sewer |   1647 |   1647 |      0 |     41 |   1289 |   1 | 1647.0 |
               +--------+--------+--------+--------+--------+-----+--------+

Top non-repeatable levels by time:
     D:9: 2102 daAuts
     D:4: 1700 daAuts
     D:7: 1697 daAuts
   Sewer: 1647 daAuts
     D:8: 1486 daAuts
     D:2: 1292 daAuts
     D:3: 1205 daAuts
     D:6: 1079 daAuts
     D:5: 994 daAuts
     D:1: 830 daAuts
    D:10: 496 daAuts
  Temple: 157 daAuts
  Lair:1: 20 daAuts
